 Dungeon Crawl Stone Soup version 0.30-a0-174-gbc10bd73c2 (webtiles) character file.

Game seed: 14281214638617826905

205 qw the Chopper (level 5, 0/33 HPs)
             Began as a Gargoyle Fighter on Oct 1, 2022.
             Slain by a water moccasin (4 damage)
             ... on level 4 of the Dungeon.
             The game lasted 00:01:22 (3477 turns).

qw the Chopper (Gargoyle Fighter)                   Turns: 3477, Time: 00:01:22

Health: 0/33       AC: 10    Str: 22    XL:     5   Next: 83%
Magic:  5/5        EV:  9    Int:  8    God:
Gold:   54         SH:  4    Dex:  9    Spells: 4/4 levels left

rFire   . . .      SeeInvis .    Y - +0 war axe
rCold   . . .      Faith    .    c - +0 buckler
rNeg    + . .      Spirit   .    b - +0 scale mail
rPois   inf        Reflect  .    (no helmet)
rElec   +          Harm     .    (no cloak)
rCorr   .          Rampage  .    (no gloves)
Will    .....                    (no boots)
Stlth   ..........               (no amulet)
HPRegen 0.25/turn                (no ring)
MPRegen 0.09/turn                (no ring)

@: no status effects
A: sickness immunity, AC +4, negative energy resistance 1, electricity
resistance, torment resistance 1, petrification resistance
a: no special abilities


You were on level 4 of the Dungeon.
You visited 2 branches of the dungeon, and saw 5 of its levels.

You collected 165 gold pieces.
You spent 111 gold pieces at shops.


Innate Abilities, Weirdness & Mutations

You are immune to sickness and miasma.
Your stone body is resilient. (AC +4)
You are immune to poison.
You resist negative energy. (rN+)
You are resistant to electric shocks. (rElec)
You are resistant to unholy torment.
You are immune to petrification.


   Skills:
 - Level 4.0 Fighting
 - Level 5.0 Axes
 - Level 3.2 Armour
 + Level 0.1 Dodging
 - Level 3.2 Shields


You had 4 spell levels left.
You didn't know any spells.
Your spell library was empty.

Inventory:

Hand Weapons
 e - a +0 flail
 Y - a +0 war axe (weapon)
Armour
 b - a +0 scale mail (worn)
 c - a +0 buckler (worn)
Scrolls
 g - 3 scrolls of identify
Potions
 a - a potion of haste
 d - a potion of might
 f - a potion of attraction
 h - 2 potions of lignification
 j - 6 potions of curing
 k - a potion of resistance

Dungeon Overview and Level Annotations

Branches:
Dungeon (4/15)             Temple (1/1) D:4

Altars:
Cheibriados
Dithmenos
Gozag
Hepliaklqana
Kikubaaqudgha
Makhleb
Nemelex Xobeh
Qazlal
Ru
Sif Muna
Uskayaw
Vehumet
Xom

Shops:
D:1 *   D:2 ?   D:3 !:[[   D:4 :*

Annotations:
D:3 3 runed translucent doors, qw's ghost, amateur GrFi


Message History

You miss the water moccasin.
The water moccasin is lightly wounded.
You block the water moccasin's attack.
The water moccasin bites you but does no damage.
You miss the water moccasin.
The water moccasin is lightly wounded.
The water moccasin bites you but does no damage.
You barely miss the water moccasin.
The water moccasin is lightly wounded.
The water moccasin bites you but does no damage.
The water moccasin barely misses you.
You miss the water moccasin.
The water moccasin is lightly wounded.
The water moccasin bites you! The water moccasin barely misses you.
You barely miss the water moccasin.
The water moccasin is lightly wounded.
The water moccasin bites you.
The water moccasin bites you but does no damage.
You miss the water moccasin.
The water moccasin is lightly wounded.
The water moccasin bites you.
You slash the water moccasin!
The water moccasin is severely wounded.
The water moccasin bites you but does no damage.
The water moccasin bites you.
You closely miss the water moccasin.
The water moccasin is severely wounded.
The water moccasin bites you.
The water moccasin bites you but does no damage.
You hit the water moccasin but do no damage.
The water moccasin is severely wounded.
The water moccasin bites you but does no damage.
You block the water moccasin's attack.
You hit the water moccasin.
The water moccasin is severely wounded.
The water moccasin closely misses you. The water moccasin bites you.
You closely miss the water moccasin.
The water moccasin is severely wounded.
The water moccasin closely misses you. The water moccasin bites you.
You die...

###################......##.....#
#.................#########......
#....0.....000....#.##...##......
#...0..0000...0...#.......#.....#
#.0.....0.........#...(...#......
#..............00.#......##......
#.................####...##/....#
#.................8###.).##.#'#..
#>..............@S..........+\'.#
#.................8.........#+#.#
#.................#.[............
#.................##.....##.?....
#..0..0....0..00..##.....##.....#
#..........00..00.#......##.....#
#........00.......#..)...........
#..0...00....00...#..............
###################.............#


You could see a water moccasin.

Vanquished Creatures
  A scorpion (D:4)
  Terence (D:2)
  An orc wizard (D:4)
  2 adders
  An ufetubus (D:4)
  2 adder skeletons (D:2)
  2 dart slugs (D:1)
  6 orcs
  8 bats
  5 endoplasms
  2 giant cockroaches (D:2)
  3 goblins
  5 hobgoblins
  2 quokkas (D:3)
  5 ball pythons
  2 ball python skeletons (D:2)
  2 ball python zombies (D:2)
  4 frilled lizards
  A jackal skeleton (D:2)
  6 kobolds
  A quokka skeleton (D:2)
  4 rats
66 creatures vanquished.

Vanquished Creatures (others)
  A withered plant (D:2)
1 creature vanquished.

Grand Total: 67 creatures vanquished

Notes
Turn   | Place    | Note
-------+----------+-------------------------------------------
     0 | D:1      | qw the Gargoyle Fighter began the quest for the Orb.
     0 | D:1      | Reached XP level 1. HP: 14/14 MP: 1/1
     0 | D:1      | 0 ||| qw: Version: 0.2-a-13-gfc7b4b4
     0 | D:1      | 0 ||| qw: Game counter: 1925
     0 | D:1      | 0 ||| qw: Always use a shield: true
     0 | D:1      | 0 ||| qw: God list: Okawaru
     0 | D:1      | 0 ||| qw: Allow faded altars: false
     0 | D:1      | 0 ||| qw: Do Orc after D:15 true
     0 | D:1      | 0 ||| qw: Do second Lair branch before Depths: true
     0 | D:1      | 0 ||| qw: Lair rune preference: random
     0 | D:1      | 0 ||| qw: Plans: Normal, Zot:1-4, God:TSO, Crypt, Tomb,
                  | Pan, Slime:5, Hells, Abyss, Orb
     0 | D:1      | 0 ||| PLANNING D:1-11
   110 | D:1      | Reached skill level 2 in Axes
   365 | D:1      | Reached XP level 2. HP: 14/19 MP: 2/2
   530 | D:1      | Found Ziegh's General Store.
   544 | D:1      | 544 ||| BUYING potion of curing (30 gold).
   544 | D:1      | Bought a potion of curing for 30 gold pieces
   860 | D:1      | 860 ||| READING 2 scrolls labelled XULLEIFA XUORA.
   861 | D:1      | 861 ||| READING scroll labelled FAIQURONADD.
   862 | D:1      | 862 ||| DRINKING 2 fizzy yellow potions.
   863 | D:1      | 863 ||| DROPPING scroll of fog.
   864 | D:1      | 864 ||| DROPPING potion of flight.
   971 | D:2      | 971 ||| DROPPING +0 club.
  1001 | D:2      | Reached skill level 3 in Axes
  1060 | D:2      | Noticed Terence
  1061 | D:2      | 1061 ||| Stepping ~*~*~tactically~*~*~ (stealth).
  1064 | D:2      | 1064 ||| Stepping ~*~*~tactically~*~*~ (stealth).
  1069 | D:2      | Killed Terence
  1070 | D:2      | Reached XP level 3. HP: 9/23 MP: 3/3
  1087 | D:2      | 1087 ||| Stepping ~*~*~tactically~*~*~ (stealth).
  1101 | D:2      | 1101 ||| FLEEEEING.
  1127 | D:2      | 1127 ||| DROPPING +0 mace.
  1148 | D:2      | 1148 ||| Stepping ~*~*~tactically~*~*~ (stealth).
  1149 | D:2      | 1149 ||| Stepping ~*~*~tactically~*~*~ (stealth).
  1152 | D:2      | 1152 ||| Stepping ~*~*~tactically~*~*~ (stealth).
  1170 | D:2      | Reached XP level 4. HP: 28/28 MP: 4/4
  1190 | D:2      | Found Saqo Wih's Magic Scroll Shop.
  1200 | D:2      | 1200 ||| SHOPLISTING scroll of enchant armour (90 gold,
                  | have 63).
  1200 | D:2      | 1200 ||| BUYING scroll of identify (24 gold).
  1200 | D:2      | Bought a scroll of identify for 24 gold pieces
  1200 | D:2      | 1200 ||| BUYING scroll of identify (24 gold).
  1200 | D:2      | Bought a scroll of identify for 24 gold pieces
  1200 | D:2      | 1200 ||| SHOPLISTING scroll of teleportation (36 gold, have
                  | 15).
  1363 | D:2      | Reached skill level 4 in Axes
  1567 | D:2      | 1567 ||| READING scroll labelled ROEKHI ACHUULI.
  1570 | D:2      | 1570 ||| READING scroll labelled ZACLUIM QATROSO.
  1571 | D:2      | 1571 ||| READING scroll labelled FINONE CIMOUZI.
  1572 | D:2      | 1572 ||| DRINKING 2 glowing blue potions.
  1573 | D:2      | 1573 ||| READING 2 scrolls of identify.
  1573 | D:2      | 1573 ||| IDENTIFYING green potion
  1574 | D:2      | 1574 ||| DROPPING potion of invisibility.
  1665 | D:3      | 1665 ||| Stepping ~*~*~tactically~*~*~ (stealth).
  1678 | D:3      | 1678 ||| FLEEEEING.
  1679 | D:3      | 1679 ||| FLEEEEING.
  1680 | D:3      | 1680 ||| FLEEEEING.
  1681 | D:3      | 1681 ||| FLEEEEING.
  1682 | D:3      | 1682 ||| FLEEEEING.
  1683 | D:3      | 1683 ||| FLEEEEING.
  1684 | D:3      | 1684 ||| FLEEEEING.
  1685 | D:3      | 1685 ||| FLEEEEING.
  1704 | D:3      | 1704 ||| Stepping ~*~*~tactically~*~*~ (stealth).
  1716 | D:3      | Found a burning altar of Makhleb.
  1732 | D:3      | Found Xyppek's Book Shoppe.
  1780 | D:3      | Found Lozxavol's Distillery.
  1790 | D:3      | 1790 ||| SHOPLISTING 2 potions of attraction (66 gold, have
                  | 49).
  1790 | D:3      | 1790 ||| SHOPLISTING potion of heal wounds (55 gold, have
                  | 49).
  1790 | D:3      | 1790 ||| BUYING potion of lignification (33 gold).
  1790 | D:3      | Bought a potion of lignification for 33 gold pieces
  1790 | D:3      | 1790 ||| SHOPLISTING potion of might (44 gold, have 16).
  1790 | D:3      | 1790 ||| SHOPLISTING potion of mutation (88 gold, have 16).
  1790 | D:3      | 1790 ||| SHOPLISTING potion of resistance (110 gold, have
                  | 16).
  2035 | D:3      | Found a faded altar of an unknown god.
  2041 | D:3      | Found an opulent altar of Gozag.
  2065 | D:3      | Found Sueraer's Armour Emporium.
  2071 | D:3      | 2071 ||| SHOPLISTING +1 cloak of poison resistance (162
                  | gold, have 16).
  2071 | D:3      | 2071 ||| SHOPLISTING +5 robe of Night {Dark Will+ SInv}
                  | (720 gold, have 16).
  2088 | D:3      | Found a runed translucent gate.
  2088 | D:3      | Found a runed translucent gate.
  2089 | D:3      | Found a runed translucent gate.
  2090 | D:3      | Noticed qw's ghost (amateur GrFi)
  2092 | D:3      | Noticed an orc warrior
  2257 | D:3      | Found Ecvor's Armour Emporium.
  2260 | D:3      | 2260 ||| SHOPLISTING +0 plate armour (276 gold, have 16).
  2260 | D:3      | 2260 ||| SHOPLISTING +1 ring mail "Neuneon" {Slay+5} (444
                  | gold, have 16).
  2494 | D:3      | 2494 ||| READING scroll labelled BITYSK HAIF.
  2511 | D:3      | 2511 ||| READING 4 scrolls of identify.
  2511 | D:3      | 2511 ||| IDENTIFYING black potion
  2512 | D:3      | 2512 ||| READING 3 scrolls of identify.
  2512 | D:3      | 2512 ||| IDENTIFYING puce potion
  2513 | D:3      | 2513 ||| READING 2 scrolls of identify.
  2513 | D:3      | 2513 ||| IDENTIFYING amethyst potion
  2514 | D:3      | 2514 ||| DROPPING potion of degeneration.
  2545 | D:4      | Noticed a +0 dagger
  2545 | D:4      | Noticed a +0 dagger
  2554 | D:4      | Noticed a scorpion
  2561 | D:4      | Killed a scorpion
  2562 | D:4      | Reached XP level 5. HP: 32/32 MP: 5/5
  2604 | D:4      | Found a hide-covered altar of Uskayaw.
  2615 | D:4      | Reached skill level 5 in Axes
  2651 | D:4      | 2651 ||| Stepping ~*~*~tactically~*~*~ (stealth).
  2652 | D:4      | 2652 ||| Stepping ~*~*~tactically~*~*~ (stealth).
  2655 | D:4      | 2655 ||| Stepping ~*~*~tactically~*~*~ (stealth).
  2697 | D:4      | 2697 ||| Stepping ~*~*~tactically~*~*~ (hiding).
  2698 | D:4      | 2698 ||| Stepping ~*~*~tactically~*~*~ (hiding).
  2699 | D:4      | 2699 ||| Stepping ~*~*~tactically~*~*~ (hiding).
  2700 | D:4      | 2700 ||| Stepping ~*~*~tactically~*~*~ (hiding).
  2701 | D:4      | 2701 ||| Stepping ~*~*~tactically~*~*~ (hiding).
  2728 | D:4      | HP: 5/32 [something/puff of flame (9)]
  3041 | D:4      | Found Qoeq Fum's Book Boutique.
  3076 | D:4      | Found Tixtaaca's Serpentskin Sales.
  3076 | D:4      | Noticed a water moccasin
  3096 | D:4      | HP: 7/33 [water moccasin (4)]
  3097 | D:4      | 3097 ||| READING scroll of teleportation.
  3098 | D:4      | 3098 ||| DRINKING potion of heal wounds.
  3234 | D:4      | 3234 ||| SHOPLISTING +0 chain mail of poison resistance (93
                  | gold, have 54).
  3348 | D:4      | Found a staircase to the Ecumenical Temple.
  3349 | D:4      | 3349 ||| PLANNING TEMPLE
  3349 | D:4      | 3349 ||| READING 4 scrolls of identify.
  3349 | D:4      | 3349 ||| IDENTIFYING bubbling puce potion
  3358 | Temple   | Entered the Ecumenical Temple
  3413 | Temple   | 3413 ||| PLANNING D:1-11
  3473 | D:4      | HP: 8/33 [water moccasin (2)]
  3477 | D:4      | Slain by a water moccasin

Levels and vault maps discovered:
D:1:      scummos_arrival_forest, layout_basic, serial_shops,
          nicolae_shop_temple_entry_statues_fountains,
          hangedman_decor_diamond_cutter
D:2:      layout_rooms, serial_shops, shop, serial_undead, serial_undead_d,
          serial_undead_c, serial_undead_b, serial_undead_a, serial_undead_a,
          serial_undead_e, serial_undead_b, serial_undead_f, serial_undead_b,
          serial_undead_e, uniq_terence
D:3:      layout_basic, mainiacjoe_overflow_chevrons,
          nicolae_overflow_ecumenical_swirl, serial_shops,
          nicolae_shop_behind_doors, shop_fountains, nicolae_shop_trees, shop,
          gammafunk_ghost_split
D:4:      layout_gridville, dancing_weapons_uskayaw, lemuel_temple_firewalk_a,
          serial_shops, nicolae_shop_behind_doors, st_stairs_8,
          dreamdust_princess_bridge, guppyfry_shop_venom
Temple:   cyrus_temple_forest

Skill      XL: |  1  2  3  4  5 |
---------------+----------------+-----
Axes           | 2 3 4 5 |  5.0
Fighting       | 4 |  4.0
Armour         | |  3.2
Dodging        | |  0.1
Shields        | |  3.2

Action                   |  1- 3 |  4- 6 || total
-------------------------+-------+-------++-------
Melee: War axe           |    66 |   175 ||   241
  Use: Scroll            |     2 |    10 ||    12
       Potion            |     1 |     2 ||     3
Armor: Scale mail        |    28 |    96 ||   124
Dodge: Dodged            |    19 |    68 ||    87
Block: Buckler           |     6 |    27 ||    33

Table legend:
 A = Non-vault XP
 B = Vault XP
 C = Vault XP percentage of total XP
 D = Non-vault monster count
 E = Vault monster count
 F = Vault count percentage of total count
                 A         B        C        D         E       F
            +---------+---------+-------+---------+---------+-------
      Total |     203 |      91 |  31.0 |      54 |      12 |  18.2
            +---------+---------+-------+---------+---------+-------
        D:1 |      27 |       0 |   0.0 |      14 |       0 |   0.0
        D:2 |      27 |      52 |  65.8 |      10 |       9 |  47.4
        D:3 |      31 |       0 |   0.0 |      18 |       0 |   0.0
        D:4 |     118 |      39 |  24.8 |      12 |       3 |  20.0
            +---------+---------+-------+---------+---------+-------
